 Dungeon Crawl Stone Soup version 0.28-a0-863-g8cecda6153 (webtiles) character file.

Game seed: 7136882134096250517

12290 mcbry74 the Cleaver (level 11, -8/104 HPs)
             Began as a Hill Orc Fighter on Nov 19, 2021.
             Was a High Priest of Okawaru.
             Mangled by a two-headed ogre (16 damage)
             ... on level 11 of the Dungeon.
             The game lasted 00:52:34 (12967 turns).

mcbry74 the Cleaver (Hill Orc Fighter)             Turns: 12967, Time: 00:52:35

Health: -8/104     AC: 12    Str: 30    XL:     11   Next: 91%
Magic:  9/9        EV: 11    Int: 10    God:    Okawaru [*****.]
Gold:   679        SH:  9    Dex: 22    Spells: 10/10 levels left

rFire   + . .      SeeInvis .   a - +0 war axe (freeze)
rCold   + . .      Faith    .   P - +3 buckler "Noptib" {rF+ rC+ Str+4}
rNeg    + + .      Spirit   .   b - +0 scale mail
rPois   +          Reflect  .   j - +1 helmet
rElec   .          Harm     .   L - scarf {+Inv}
rCorr   +          Rampage  .   u - +1 pair of gloves "Hagrujyn" {rPois Int+2 Dex+4}
Will    .....                   i - +0 pair of boots of Ru's Brutal Revenge {rN++ MP-9 Str+3 Dex+2}
Stlth   +.........              (no amulet)
HPRegen 0.27/turn               p - ring of resist corrosion
MPRegen 0.11/turn               m - +6 ring of dexterity

@: slowed, very slow
A: no striking features
a: Renounce Religion, Evoke Invisibility, Heroism, Finesse, Duel


You were on level 11 of the Dungeon.
You worshipped Okawaru.
Okawaru was extremely pleased with you.
You visited 3 branches of the dungeon, and saw 13 of its levels.
You also visited: Ossuary.

You collected 679 gold pieces.

Inventory:

Hand Weapons
 a - a +0 war axe of freezing (weapon)
 c - a +0 war axe
 M - a +0 morningstar
Missiles
 C - a throwing net
 G - 7 boomerangs (quivered)
 N - 30 poisoned darts
 Q - 5 silver boomerangs
 S - a curare-tipped dart
Armour
 b - a +0 scale mail (worn)
 i - the +0 pair of boots of Ru's Brutal Revenge (worn) {rN++ MP-9 Str+3 Dex+2}
   (You acquired it on level 4 of the Dungeon)

   Str:       It affects your strength (+3).
   Dex:       It affects your dexterity (+2).
   rN:        It greatly protects you from negative energy.
   MP:        It affects your magic capacity (-9).
 j - a +1 helmet (worn)
 u - the +1 pair of gloves "Hagrujyn" (worn) {rPois Int+2 Dex+4}
   (You acquired it in an ossuary)

   Int:       It affects your intelligence (+2).
   Dex:       It affects your dexterity (+4).
   rPois:     It protects you from poison.
 L - a scarf of invisibility (worn)
 P - the +3 buckler "Noptib" (worn) {rF+ rC+ Str+4}
   (You found it on level 9 of the Dungeon)

   Str:       It affects your strength (+4).
   rF:        It protects you from fire.
   rC:        It protects you from cold.
Jewellery
 m - a +6 ring of dexterity (right hand)
 p - a ring of resist corrosion (left hand)
 s - a ring of ice
 O - a ring of protection from fire
Wands
 n - a wand of polymorph (16)
 E - a wand of paralysis (20)
 F - a wand of acid (10)
 J - a wand of digging (5)
 V - a wand of charming (9)
Scrolls
 f - 2 scrolls of enchant weapon
 g - a scroll of identify
 h - 2 scrolls of fear
 K - a scroll of teleportation
 R - 2 scrolls of blinking {unknown}
 W - a scroll of fog {unknown}
Potions
 d - 2 potions of brilliance
 l - 5 potions of might
 o - 2 potions of lignification
 q - 5 potions of curing
 v - 3 potions of berserk rage
 w - 2 potions of haste
 z - a potion of cancellation {unknown}
 D - a potion of degeneration {unknown}
 H - a potion of resistance {unknown}
 I - 3 potions of mutation {unknown}


   Skills:
 - Level 11.9 Fighting
 - Level 12.7(14.1) Axes
 - Level 8.3(10.8) Maces & Flails
 * Level 4.7 Throwing
 + Level 4.2 Armour
 - Level 1.7 Dodging
 - Level 1.1 Stealth
 - Level 3.2 Shields
 - Level 10.0 Invocations
 + Level 2.1 Evocations


You had 10 spell levels left.
You didn't know any spells.
Your spell library contained the following spells:

 Spells                   Type           Power      Damage    Failure   Level
 Slow                     Hex            0%         N/A       63%         1
 Confusing Touch          Hex            0%         N/A       94%         3
 Yara's Violent Unravell  Hex/Tmut       0%         3d3       100%        5


Dungeon Overview and Level Annotations

Branches:
Dungeon (11/15)            Temple (1/1) D:5            Lair (1/6) D:10
Ossuary (visited)
    Orc: D:9-12

Altars:
Ashenzari
Elyvilon
Kikubaaqudgha
Okawaru
Qazlal
Ru
Uskayaw
The Shining One

Shops:
D:6 !


Message History

You block the kobold brigand's attack.
The kobold demonologist drinks a potion.
The kobold demonologist's spells are empowered!
The wyvern bites you.
* * * LOW HITPOINT WARNING * * *
The kobold brigand hits you but does no damage.
As you read the scroll of teleportation, it crumbles to dust.
You feel strangely unstable. The wyvern bites you!
* * * LOW HITPOINT WARNING * * *
The kobold brigand barely misses you.
The kobold demonologist mumbles some strange words.
The wyvern closely misses you.
The kobold brigand hits you with a +1 dagger of venom.
* * * LOW HITPOINT WARNING * * *
You are lethally poisoned!
The kobold brigand closely misses you.
The chaos spawn grows dozens of eye stalks in order to get a better look at you.
You feel better.
Your surroundings suddenly seem different.
Found a stone staircase leading up.
The orange demon screeches!
You feel yourself speed up.
A two-headed ogre comes into view.
It is wielding a +0 giant spiked club and a +0 giant club.
The two-headed ogre shouts in stereo!
You hear a shout!
You hear a shout!
You hear the quick creaking of a very distant portcullis.
The two-headed ogre closely misses you.
The two-headed ogre hits you with a +0 giant club!
* * * LOW HITPOINT WARNING * * *
The kobold shouts!
You hear a shout!
There is a stone staircase leading up here.
The kobold shouts!
You hear a shout! x2
The kobold brigand throws a curare-tipped dart.
The curare-tipped dart hits you.
You have difficulty breathing.
* * * LOW HITPOINT WARNING * * *
You feel yourself slow down.
The kobold demonologist shouts! x2; The wyvern hisses angrily.
The kobold demonologist begins to cast a cantrip, but forgets the words!
The two-headed ogre hits you with a +0 giant spiked club!
You die...

................... #....
.....###...# #...# #...# #...#
#...# #...###...# ######..<#
#.......... ..............#
#.......... .............#
#..###..... ....
....K.......#####..# #...## #...
...KK...l@........# #...## #..#
#..#####.O........###..... ##..#
#..# #.K................
#...####..#####K..####...........
#..43........KK...# #...######
...KKK............# #...#
...l.......###....# #...#
..#####....# #....# #..?# ..#
#....# #<...# #...########


You could see a two-headed ogre, 2 kobold demonologists, a wyvern, 3 kobold
brigands and a kobold.

Vanquished Creatures
  A hydra (Lair:1)
  2 two-headed ogres
  The ghost of Samaell the Chopper, a novice HOFi (D:6)
  A manticore (D:11)
  A cyclops (D:11)
  2 black mambas (Lair:1)
  An elephant (D:10)
  A komodo dragon (Lair:1)
  An unseen horror (D:8)
  A troll (D:9)
  Sigmund (D:2)
  16 yaks
  A wraith (Ossuary)
  4 wyverns
  2 basilisks (D:10)
  A steam dragon (D:6)
  An acid dragon (D:8)
  An orc warrior (D:6)
  An ice beast (D:7)
  A hornet zombie (D:8)
  2 black bears
  A necrophage (D:6)
  2 ogres (D:6)
  A centaur (D:10)
  4 wolves (Lair:1)
  3 bullfrogs
  4 kobold brigands
  A water moccasin skeleton (D:5)
  A wyvern skeleton (D:7)
  15 wights
  4 killer bees (D:8)
  4 howler monkeys (D:9)
  An electric eel (D:9)
  A centaur skeleton (D:7)
  3 centaur zombies
  2 hounds
  3 jellies
  An orc priest (D:6)
  2 bullfrog skeletons (D:5)
  Terence (D:2)
  Jessica (D:2)
  4 iguanas
  Natasha (thrice) (D:3)
  2 orc wizards (D:6)
  3 mummies (Ossuary)
  Robin (D:2)
  6 adders
  2 ufetubi
  2 worms
  2 dart slugs
  13 orcs
  7 ball pythons
  4 endoplasms
  3 giant cockroaches
  12 goblins
  8 hobgoblins
  3 jackals (D:3)
  5 quokkas
  6 bats
  A frilled lizard (D:3)
  2 goblin zombies (Ossuary)
  3 hobgoblin zombies (Ossuary)
  24 kobolds
  2 kobold zombies (Ossuary)
  7 rats
223 creatures vanquished.

Vanquished Creatures (others)
  An unseen horror (D:11)
  An orc wizard (D:6)
  4 fungi (Lair:1)
  2 plants (Lair:1)
8 creatures vanquished.

Grand Total: 231 creatures vanquished

Notes
Turn   | Place    | Note
-------+----------+-------------------------------------------
     0 | D:1      | mcbry74 the Hill Orc Fighter began the quest for the Orb.
     0 | D:1      | Reached XP level 1. HP: 19/19 MP: 1/1
    33 | D:1      | Reached skill level 3 in Axes
   339 | D:1      | Reached XP level 2. HP: 26/26 MP: 2/2
   715 | D:1      | Reached skill level 4 in Axes
   913 | D:2      | Noticed Jessica
   926 | D:2      | Killed Jessica
   927 | D:2      | Reached skill level 5 in Axes
   927 | D:2      | Reached XP level 3. HP: 10/31 MP: 3/3
  1273 | D:2      | Reached XP level 4. HP: 40/40 MP: 4/4
  1376 | D:2      | Noticed Sigmund
  1381 | D:2      | Killed Sigmund
  1382 | D:2      | Reached skill level 5 in Fighting
  1382 | D:2      | Reached skill level 1 in Dodging
  1382 | D:2      | Reached skill level 1 in Stealth
  1382 | D:2      | Reached XP level 5. HP: 48/50 MP: 5/5
  1382 | D:2      | Reached XP level 6. HP: 54/57 MP: 6/6
  1440 | D:2      | Noticed Robin
  1481 | D:2      | Killed Robin
  1549 | D:2      | Found a faded altar of an unknown god.
  1878 | D:3      | Noticed Terence
  1887 | D:2      | Killed Terence
  2248 | D:3      | Noticed Natasha
  2287 | D:3      | Killed Natasha
  2502 | D:3      | Noticed Natasha
  2508 | D:3      | Killed Natasha
  2509 | D:3      | Reached skill level 6 in Axes
  2580 | D:3      | Noticed Natasha
  2590 | D:3      | Killed Natasha
  2875 | D:4      | Identified a scroll of acquirement
  2895 | D:4      | Acquired the +0 pair of boots of Ru's Brutal Revenge {rN++
                  | MP-9 Str+3 Dex+2}
  2907 | D:4      | Noticed a black bear
  2923 | D:4      | Killed a black bear
  2924 | D:4      | Reached XP level 7. HP: 59/64 MP: 0/7
  3164 | D:4      | Reached skill level 7 in Axes
  3260 | D:4      | Found a sand-covered staircase.
  3264 | Ossuary  | Entered an ossuary
  3264 | Ossuary  | Noticed a wraith
  3264 | Ossuary  | Noticed a wraith
  3264 | Ossuary  | Noticed a wraith
  3426 | Ossuary  | Acquired the +1 pair of gloves "Hagrujyn" {rPois Int+2
                  | Dex+4}
  3632 | Ossuary  | Noticed a wraith
  3640 | Ossuary  | Killed a wraith
  3759 | D:4      | Reached skill level 8 in Axes
  3935 | D:5      | Entered Level 5 of the Dungeon
  3987 | D:5      | Reached XP level 8. HP: 68/73 MP: 0/8
  4271 | D:5      | Reached skill level 9 in Axes
  4472 | D:5      | Found a staircase to the Ecumenical Temple.
  4483 | Temple   | Entered the Ecumenical Temple
  4520 | Temple   | Became a worshipper of Warmaster Okawaru
  5278 | D:6      | Reached skill level 1 in Invocations
  5411 | D:6      | Reached skill level 10 in Axes
  5654 | D:6      | Reached * piety under Okawaru
  5910 | D:6      | Reached XP level 9. HP: 79/82 MP: 2/11
  5975 | D:6      | Reached skill level 11 in Axes
  6332 | D:6      | Found Vos Nog's Distillery.
  6472 | D:6      | Found a runed translucent door.
  6473 | D:6      | Noticed Samaell's ghost (novice HOFi)
  6499 | D:6      | Killed Samaell's ghost
  6499 | D:6      | Reached ** piety under Okawaru
  6500 | D:6      | Reached skill level 5 in Invocations
  6728 | D:7      | Reached skill level 10 in Fighting
  6734 | D:7      | Reached skill level 12 in Axes
  6856 | D:7      | Reached skill level 1 in Maces & Flails
  6866 | D:7      | Reached XP level 10. HP: 19/88 MP: 6/15
  6868 | D:7      | HP: 2/87 [wight (6)]
  6869 | D:7      | Reached *** piety under Okawaru
  8504 | D:8      | Killed an unseen horror
  8569 | D:8      | Reached **** piety under Okawaru
  8570 | D:8      | Reached skill level 5 in Maces & Flails
  9394 | D:9      | Identified the +3 buckler "Noptib" {rF+ rC+ Str+4}
  9621 | D:9      | Reached ***** piety under Okawaru
  9622 | D:9      | Reached XP level 11. HP: 92/102 MP: 8/17
  9641 | D:9      | Received a gift from Okawaru
 10434 | D:10     | Entered Level 10 of the Dungeon
 10519 | D:10     | Found a white marble altar of Elyvilon.
 10520 | D:10     | Found a hide-covered altar of Uskayaw.
 10520 | D:10     | Found a stormy altar of Qazlal.
 10522 | D:10     | Noticed a two-headed ogre
 10538 | D:10     | Killed a two-headed ogre
 11182 | D:10     | Found a staircase to the Lair.
 11292 | D:10     | Reached skill level 10 in Invocations
 11298 | Lair:1   | Entered Level 1 of the Lair of Beasts
 11389 | Lair:1   | Reached skill level 1 in Throwing
 11523 | Lair:1   | Noticed a four-headed hydra
 11536 | Lair:1   | Killed a four-headed hydra
 11536 | Lair:1   | Received a gift from Okawaru
 12319 | D:11     | Noticed a manticore
 12343 | D:11     | Killed a manticore
 12636 | D:11     | Reached skill level 1 in Evocations
 12660 | D:11     | Noticed a two-headed ogre
 12672 | D:11     | Killed a two-headed ogre
 12674 | D:11     | Noticed a cyclops
 12695 | D:11     | Killed a cyclops
 12898 | D:11     | Noticed a soul eater
 12909 | D:11     | HP: 3/104 [wyvern (7)]
 12910 | D:11     | HP: 1/104 [wyvern (9)]
 12913 | D:11     | Noticed a soul eater
 12918 | D:11     | Noticed a two-headed ogre
 12935 | D:11     | HP: 4/104 [two-headed ogre (12)]
 12967 | D:11     | Mangled by a two-headed ogre

Illustrated notes

Levels and vault maps discovered:
D:1:      minmay_arrival_arboretum_small, layout_loops_corners,
          amethyst_killhole, kennysheep_doodads, minmay_parallelograms
D:2:      wander_river, layout_basic, chequers_ecumenical_altar_simple_redux,
          solitary_fountain, minmay_tromino_v4_b, uniq_robin, uniq_jessica,
          uniq_sigmund
D:3:      layout_rooms, st_stairs_3, wad_floor_pattern_untrapped, uniq_natasha,
          uniq_terence
D:4:      cheibrodos_quashed, layout_rooms, enter_ossuary_5, minivault_26
D:5:      layout_layer_cave, minmay_temple_entry_glassed_door
D:6:      layout_rooms, serial_shops, nicolae_shop_statue_plus,
          gammafunk_ghost_grave
D:7:      layout_rooms
D:8:      layout_loops_ring, chequers_serial_rivers_large_b
D:9:      layout_basic, minmay_crystal_water, minmay_misc_feat_hallway
D:10:     layout_long_grid, chequers_temple_overflow_statue_of_worship,
          david_lair_generic, kennysheep_nondescript,
          ebering_dispersal_statue_hall
D:11:     layout_small_grid, enter_bailey_2, lightli_corner_chamber
Temple:   mainiacjoe_temple_bowtie_tessellation
Lair:1:   layout_regular_city

Skill      XL: |  1  2  3  4  5  6  7  8  9 10 11 |
---------------+----------------------------------+-----
Axes           | 3 5 6 8 10 12 | 12.7
Fighting       | 5 6 7 8 10 11 | 11.9
Dodging        | 1 |  1.7
Stealth        | 1 |  1.1
Invocations    | 3 7 9 10 | 10.0
Maces & Flails | 1 7 8 |  8.3
Throwing       | 4 |  4.7
Evocations     | 2 |  2.1
Armour         | 4 |  4.2
Shields        | |  3.2

Action                   |  1- 3 |  4- 6 |  7- 9 | 10-12 || total
-------------------------+-------+-------+-------+-------++-------
Melee: War axe           |    40 |   113 |   251 |   301 ||   705
       Morningstar       |       |       |       |    21 ||    21
Throw: Boomerang         |       |       |     5 |    18 ||    23
Invok: Heroism           |       |       |     1 |     1 ||     2
       Finesse           |       |       |       |     3 ||     3
  Use: Potion            |       |     1 |       |     4 ||     5
       Scroll            |       |     7 |     4 |    10 ||    21
Armor: Scale mail        |    16 |    48 |    89 |   126 ||   279
Dodge: Dodged            |    10 |    57 |   123 |   120 ||   310
Block: Buckler           |     7 |    22 |    75 |    90 ||   194

Table legend: (Time is in decaauts)
 A = Elapsed time spent in this place.
 B = Non-inter-level travel time spent in this place.
 C = Inter-level travel time spent in this place.
 D = Time resting spent in this place.
 E = Time spent auto-exploring this place.
 F = Levels seen in this place.
 G = Mean time per level.
                   A        B        C        D        E       F      G
               +--------+--------+--------+--------+--------+-----+--------+
         Total |  13058 |  12679 |    379 |   3056 |   7145 |  14 |  932.7 |
       Dungeon |  11540 |  11202 |    338 |   2994 |   5951 |  11 | 1049.1 |
        Temple |     65 |     41 |     24 |      0 |     28 |   1 |   65.0 |
          Lair |    952 |    935 |     17 |     62 |    781 |   1 |  952.0 |
       Ossuary |    500 |    500 |      0 |      0 |    385 |   1 |  500.0 |
               +--------+--------+--------+--------+--------+-----+--------+

Top non-repeatable levels by time:
     D:6: 1614 daAuts
     D:9: 1495 daAuts
     D:5: 1400 daAuts
     D:2: 1041 daAuts
     D:7: 1002 daAuts
     D:3: 983 daAuts
     D:8: 952 daAuts
  Lair:1: 952 daAuts
     D:1: 917 daAuts
    D:10: 908 daAuts
    D:11: 651 daAuts
     D:4: 573 daAuts
 Ossuary: 500 daAuts
  Temple: 65 daAuts
